 Dungeon Crawl Stone Soup version 0.29-a0-284-gf9362112df (webtiles) character file.

Game seed: 8752719565396847504

156 being54 the Skirmisher (level 5, -4/34 HPs)
             Began as a Gargoyle Fighter on Mar 21, 2022.
             Slain by a black bear (5 damage)
             ... on level 4 of the Dungeon.
             The game lasted 00:04:38 (2979 turns).

being54 the Skirmisher (Gargoyle Fighter)           Turns: 2979, Time: 00:04:39

Health: -4/34      AC: 12    Str: 22    XL:     5   Next: 38%
Magic:  5/5        EV:  9    Int:  8    God:
Gold:   151        SH:  4    Dex:  9    Spells: 4/4 levels left

rFire   . . .      SeeInvis .   a - +1 flail
rCold   . . .      Faith    .   c - +0 buckler
rNeg    + . .      Spirit   .   b - +0 scale mail
rPois   ∞          Reflect  .   (no helmet)
rElec   +          Harm     .   (no cloak)
rCorr   .          Rampage  .   f - +0 pair of gloves
Will    .....                   (no boots)
Stlth   ..........              (no amulet)
HPRegen 0.11/turn               (no ring)
MPRegen 0.09/turn               (no ring)

@: mighty
A: sickness immunity, AC +4, negative energy resistance 1, electricity
resistance, torment resistance 1, petrification resistance
a: no special abilities


You were on level 4 of the Dungeon.
You visited 1 branch of the dungeon, and saw 4 of its levels.

You collected 151 gold pieces.

Inventory:

Hand Weapons
 a - a +1 flail (weapon)
Armour
 b - a +0 scale mail (worn)
 c - a +0 buckler (worn)
 f - a +0 pair of gloves (worn)
Jewellery
 j - a ring of willpower
Scrolls
 k - a scroll of teleportation
 l - a scroll of identify
Potions
 d - a potion of might
 g - a potion of brilliance {unknown}
 h - a potion of haste {unknown}
 i - a potion of flight {unknown}
 m - a potion of degeneration {unknown}


   Skills:
 + Level 4.5 Fighting
 * Level 4.4 Maces & Flails
 - Level 3.4 Armour
 - Level 3.4 Shields


You had 4 spell levels left.
You didn't know any spells.
Your spell library contained the following spells:

 Spells                   Type           Power      Damage    Failure   Level
 Magic Dart               Conj           0%         1d3       83%         1
 Call Imp                 Summ           0%         N/A       92%         2
 Gell's Gravitas          Tloc           0%         N/A       99%         3
 Lesser Beckoning         Tloc           0%         N/A       99%         3
 Mephitic Cloud           Conj/Pois/Air  0%         N/A       99%         3
 Summon Guardian Golem    Hex/Summ       0%         N/A       99%         3
 Teleport Other           Tloc           0%         N/A       99%         3
 Orb of Destruction       Conj           0%         9d5       100%        7
 Spellforged Servitor     Conj/Summ      0%         N/A       100%        7


Dungeon Overview and Level Annotations

Branches:
Dungeon (4/15)
 Temple: D:4-7

Altars:

Shops:
D:1 [   D:2 [


Innate Abilities, Weirdness & Mutations

You are immune to sickness and miasma.
Your stone body is resilient. (AC +4)
You are immune to poison.
You resist negative energy. (rN+)
You are resistant to electric shocks. (rElec)
You are resistant to unholy torment.
You are immune to petrification.


Message History

The black bear is severely wounded.
The black bear goes berserk!
You hit the black bear.
The black bear is severely wounded.
The black bear barely misses you. The black bear claws you.
The black bear barely misses you. The black bear bites you!
The black bear claws you but does no damage.
The black bear claws you.
You barely miss the black bear.
The black bear is severely wounded.
The black bear bites you. The black bear barely misses you.
The black bear claws you. You block the black bear's attack.
The black bear claws you. x2
You barely miss the black bear.
The black bear is severely wounded.
The black bear barely misses you. The black bear closely misses you. x2
The black bear bites you!
* * * LOW HITPOINT WARNING * * *
The black bear claws you but does no damage. x2
The black bear attacks as you move away!
The black bear closely misses you.
The black bear claws you but does no damage.
The black bear barely misses you.
You feel better. The black bear closely misses you. The black bear claws you.
The black bear claws you but does no damage.
The black bear barely misses you. The black bear claws you.
* * * LOW HITPOINT WARNING * * *
The black bear claws you.
* * * LOW HITPOINT WARNING * * *
You feel very mighty all of a sudden. The black bear bites you.
* * * LOW HITPOINT WARNING * * *
You block the black bear's attack.
The black bear claws you but does no damage.
You barely miss the black bear.
The black bear is severely wounded.
The black bear barely misses you. You block the black bear's attack.
The black bear claws you but does no damage.
The black bear bites you.
You die...

.......####...##.#######
......## ##.###.########
.....## ##).........$.
#...## #.##.###..###
##'## #....## # #.#
#.....# #.# #....$# #
##)## #.....##..#.#
....## #...@h.......
.....# ###)#######.#
....## #.# ....########
#.# ............ ..#
....######## ### ....#
##.## #.# ###########


You could see a black bear (berserk).

Vanquished Creatures
  An orc priest (D:3)
  An iguana (D:4)
  4 adders
  An ufetubus (D:4)
  A worm (D:2)
  3 dart slugs
  5 orcs
  3 ball pythons
  5 bats
  2 endoplasms
  3 giant cockroaches
  3 goblins
  3 hobgoblins
  3 kobolds (D:2)
  3 quokkas
  3 frilled lizards
  3 rats
47 creatures vanquished.

Notes
Turn   | Place    | Note
-------+----------+-------------------------------------------
     0 | D:1      | being54 the Gargoyle Fighter began the quest for the Orb.
     0 | D:1      | Reached XP level 1. HP: 14/14 MP: 1/1
   328 | D:1      | Reached XP level 2. HP: 12/19 MP: 2/2
   631 | D:1      | Found Zumnam's Armour Emporium.
   796 | D:2      | Found Vomayhist's Armour Boutique.
   900 | D:2      | Reached XP level 3. HP: 19/24 MP: 3/3
  1116 | D:2      | Found a faded altar of an unknown god.
  1272 | D:2      | Reached XP level 4. HP: 29/29 MP: 4/4
  2446 | D:3      | Reached XP level 5. HP: 34/34 MP: 5/5
  2966 | D:4      | Noticed a black bear
  2978 | D:4      | HP: 1/34 [black bear (4)]
  2979 | D:4      | Slain by a black bear

Illustrated notes

Levels and vault maps discovered:
D:1:      mushboom_english_gardens, layout_basic, serial_shops,
          nicolae_shop_behind_doors
D:2:      layout_basic, ebering_ecumenical_altar_webs, serial_shops,
          shop_fountains
D:3:      layout_loops_ring
D:4:      layout_loops_corners, overflow_temple_1_default, uniq_natasha

Skill      XL: |  1  2  3  4 |
---------------+-------------+-----
Maces & Flails | 3 4 |  4.4
Fighting       | 4 |  4.5
Armour         | |  3.4
Shields        | |  3.4

Action                   |  1- 3 |  4- 6 || total
-------------------------+-------+-------++-------
Melee: Flail             |    82 |    83 ||   165
  Use: Scroll            |     3 |     2 ||     5
       Potion            |       |     2 ||     2
Armor: Scale mail        |    45 |    63 ||   108
Dodge: Dodged            |    48 |    38 ||    86
Block: Buckler           |    21 |    21 ||    42

Table legend: (Time is in decaauts)
 A = Elapsed time spent in this place.
 B = Non-inter-level travel time spent in this place.
 C = Inter-level travel time spent in this place.
 D = Time resting spent in this place.
 E = Time spent auto-exploring this place.
 F = Levels seen in this place.
 G = Mean time per level.
                   A        B        C        D        E       F      G
               +--------+--------+--------+--------+--------+-----+--------+
         Total |   3025 |   2919 |    106 |      0 |   2509 |   4 |  756.2 |
       Dungeon |   3025 |   2919 |    106 |      0 |   2509 |   4 |  756.2 |
               +--------+--------+--------+--------+--------+-----+--------+

Top non-repeatable levels by time:
     D:2: 1198 daAuts
     D:3: 753 daAuts
     D:1: 750 daAuts
     D:4: 322 daAuts
